SL
PHILADELPHIA 1776 BC @ THUNDER BAY NORTHERN LIONS BC
08/18/2032
 
TOP OF THE 1ST
Philadelphia 1776 BC batting - Pitching for Thunder Bay Northern Lions BC : RHP Rafael Cardona
Pitching: RHP Rafael Cardona
Batting: LHB Kelvin Abbott 0-0: Ball
1-0: Called Strike
1-1: Ground out U3 (Groundball, 3)
Batting: LHB José Rodríguez 0-0: Called Strike
0-1: Foul Ball, location: 2F
0-2: Ball
1-2: Fly out, F8 (Flyball, 78M)
Batting: LHB Manoo Satyavrat 0-0: Ball
1-0: Ball
2-0: Called Strike
2-1: Swinging Strike
2-2: Ground out U3 (Groundball, 3L)
Top of the 1st over - 0 runs, 0 hits, 0 errors, 0 left on base; Philadelphia 1776 0 - Thunder Bay 0
BOTTOM OF THE 1ST
Thunder Bay Northern Lions BC batting - Pitching for Philadelphia 1776 BC : RHP Elroy Thompkins
Pitching: RHP Elroy Thompkins
Batting: RHB António Mendoza 0-0: Ground out 6-3 (Groundball, 6)
Batting: RHB Carlos Padilla 0-0: Called Strike
0-1: Called Strike
0-2: Ball
1-2: Ball
2-2: Strikes out looking
Batting: LHB David Smith 0-0: Ball
1-0: Swinging Strike
1-1: Fly out, F3 (Line Drive, 34)
Bottom of the 1st over - 0 runs, 0 hits, 0 errors, 0 left on base; Philadelphia 1776 0 - Thunder Bay 0
TOP OF THE 2ND
Philadelphia 1776 BC batting - Pitching for Thunder Bay Northern Lions BC : RHP Rafael Cardona
Batting: RHB Karl Blanke 0-0: Ball
1-0: Foul Ball, location: 2F
1-1: Foul Ball, location: 2F
1-2: Ball
2-2: Strikes out looking
Batting: SHB Sam Quint 0-0: Ball
1-0: Called Strike
1-1: TRIPLE (Flyball, 8RXD)
Batting: RHB Mario Castillo 0-0: Ball
1-0: Fly out, F8 (Line Drive, 8LD)
Runner from 3rd tags up, OUT at HOME
Top of the 2nd over - 0 runs, 1 hit, 0 errors, 0 left on base; Philadelphia 1776 0 - Thunder Bay 0
BOTTOM OF THE 2ND
Thunder Bay Northern Lions BC batting - Pitching for Philadelphia 1776 BC : RHP Elroy Thompkins
Batting: RHB Joe Aller 0-0: Ball
1-0: SINGLE (Line Drive, 4M)
Batting: RHB Bartolo Morales 0-0: Ball
1-0: Ball
2-0: Fly out, F6 (Popup, P)
Batting: RHB Denis Higgins 0-0: Called Strike
0-1: Ball
1-1: Ball
2-1: Fly out, F9 (Flyball, 9S)
Batting: RHB Edgar Balerio 0-0: Ball
1-0: Called Strike
1-1: Ball
2-1: Fly out, F8 (Flyball, 89XD)
Bottom of the 2nd over - 0 runs, 1 hit, 0 errors, 1 left on base; Philadelphia 1776 0 - Thunder Bay 0
TOP OF THE 3RD
Philadelphia 1776 BC batting - Pitching for Thunder Bay Northern Lions BC : RHP Rafael Cardona
Batting: RHB Phil Moore 0-0: Called Strike
0-1: Fly out, F9 (Line Drive, 9S)
Batting: RHB Eddie Sachs 0-0: Ball
1-0: Called Strike
1-1: Foul Ball, location: 2F
1-2: Strikes out swinging
Batting: RHB Kevin Malone 0-0: Foul Ball, location: 2F
0-1: Ball
1-1: Foul Ball, location: 2F
1-2: Strikes out swinging
Top of the 3rd over - 0 runs, 0 hits, 0 errors, 0 left on base; Philadelphia 1776 0 - Thunder Bay 0
BOTTOM OF THE 3RD
Thunder Bay Northern Lions BC batting - Pitching for Philadelphia 1776 BC : RHP Elroy Thompkins
Batting: RHB Augusto Encarnación 0-0: Ball
1-0: Foul Ball, location: 2F
1-1: Foul Ball, location: 2F
1-2: Foul Ball, location: 2F
1-2: Foul Ball, location: 2F
1-2: Ground out 5-3 (Groundball, 56S)
Batting: RHB Rafael Pueblo 0-0: Called Strike
0-1: Ball
1-1: Fly out, F8 (Flyball, 78D)
Batting: RHB António Mendoza 0-0: SINGLE (Groundball, 4D)
Batting: RHB Carlos Padilla 0-0: Called Strike
0-1: Ball
1-1: Fly out, F8 (Flyball, 89XD)
Bottom of the 3rd over - 0 runs, 1 hit, 0 errors, 1 left on base; Philadelphia 1776 0 - Thunder Bay 0
TOP OF THE 4TH
Philadelphia 1776 BC batting - Pitching for Thunder Bay Northern Lions BC : RHP Rafael Cardona
Batting: LHB Kelvin Abbott 0-0: Ball
1-0: Called Strike
1-1: Reached on error, E3 (Groundball, 34)
Batting: LHB José Rodríguez 0-0: Called Strike
0-1: Called Strike
0-2: Ball
1-2: Strikes out looking
Batting: LHB Manoo Satyavrat 0-0: Ball
1-0: Called Strike
Kelvin Abbott steals 3rd base
1-1: Swinging Strike
1-2: Ball
2-2: Ball
3-2: Strikes out looking
Batting: RHB Karl Blanke 0-0: Called Strike
0-1: Swinging Strike
0-2: Strikes out looking
Top of the 4th over - 0 runs, 0 hits, 1 error, 1 left on base; Philadelphia 1776 0 - Thunder Bay 0
BOTTOM OF THE 4TH
Thunder Bay Northern Lions BC batting - Pitching for Philadelphia 1776 BC : RHP Elroy Thompkins
Batting: LHB David Smith 0-0: Ball
1-0: Ball
2-0: DOUBLE (Flyball, 89XD)
Batting: RHB Joe Aller 0-0: Called Strike
0-1: Ball
1-1: Foul Ball, location: 2F
1-2: Strikes out swinging
Batting: RHB Bartolo Morales 0-0: Ball
1-0: Foul Ball, location: 2F
1-1: Called Strike
1-2: Foul Ball, location: 2F
1-2: Strikes out swinging
Batting: RHB Denis Higgins 0-0: Called Strike
0-1: SINGLE (Flyball, 78S)
David Smith to third
Runner from 3rd tries for Home, SAFE, throw made home
Batting: RHB Edgar Balerio 0-0: Ball
1-0: Ball
2-0: Fly out, F6 (Line Drive, 56)
Bottom of the 4th over - 1 run, 2 hits, 0 errors, 1 left on base; Philadelphia 1776 0 - Thunder Bay 1
TOP OF THE 5TH
Philadelphia 1776 BC batting - Pitching for Thunder Bay Northern Lions BC : RHP Rafael Cardona
Batting: SHB Sam Quint 0-0: Ball
1-0: Foul Ball, location: 2F
1-1: Foul Ball, location: 2F
1-2: Strikes out swinging
Batting: RHB Mario Castillo 0-0: Called Strike
0-1: Ball
1-1: Ball
2-1: Called Strike
2-2: Foul Ball, location: 2F
2-2: Fly out, F3 (Popup, 3SF)
Batting: RHB Phil Moore 0-0: Foul Ball, location: 2F
0-1: Ball
1-1: Ball
2-1: Ball
3-1: SOLO HOME RUN (Flyball, 7D), Distance : 392 ft
Batting: RHB Eddie Sachs 0-0: Called Strike
0-1: Foul Ball, location: 2F
0-2: Ball
1-2: Fly out, F7 (Flyball, 7LM)
Top of the 5th over - 1 run, 1 hit, 0 errors, 0 left on base; Philadelphia 1776 1 - Thunder Bay 1
BOTTOM OF THE 5TH
Thunder Bay Northern Lions BC batting - Pitching for Philadelphia 1776 BC : RHP Elroy Thompkins
Batting: RHB Augusto Encarnación 0-0: Ball
1-0: Called Strike
1-1: Swinging Strike
1-2: Fly out, F8 (Flyball, 8LM)
Batting: RHB Rafael Pueblo 0-0: Reached on error, E3 (Groundball, 3S)
Batting: RHB António Mendoza 0-0: Fly out, F8 (Flyball, 8RD)
Batting: RHB Carlos Padilla 0-0: Ball
1-0: Ball
Rafael Pueblo steals 2nd base
2-0: Foul Ball, location: 2F
2-1: Swinging Strike
2-2: Ball
3-2: Base on Balls
Batting: LHB David Smith 0-0: Swinging Strike
0-1: Ball
1-1: Ground out U3 (Groundball, 3)
Bottom of the 5th over - 0 runs, 0 hits, 1 error, 2 left on base; Philadelphia 1776 1 - Thunder Bay 1
TOP OF THE 6TH
Philadelphia 1776 BC batting - Pitching for Thunder Bay Northern Lions BC : RHP Rafael Cardona
Batting: RHB Kevin Malone 0-0: Ball
1-0: Ball
2-0: Swinging Strike
2-1: Foul Ball, location: 2F
2-2: Foul Ball, location: 2F
2-2: Fly out, F3 (Popup, 3DF)
Batting: LHB Kelvin Abbott 0-0: Ball
1-0: Ball
2-0: Ball
3-0: Called Strike
3-1: Called Strike
3-2: Foul Ball, location: 2F
3-2: Foul Ball, location: 2F
3-2: Fly out, F8 (Flyball, 8RD)
Batting: LHB José Rodríguez 0-0: Called Strike
0-1: Swinging Strike
0-2: Ball
1-2: Foul Ball, location: 2F
1-2: Strikes out swinging
Top of the 6th over - 0 runs, 0 hits, 0 errors, 0 left on base; Philadelphia 1776 1 - Thunder Bay 1
BOTTOM OF THE 6TH
Thunder Bay Northern Lions BC batting - Pitching for Philadelphia 1776 BC : RHP Elroy Thompkins
Batting: RHB Joe Aller 0-0: Foul Ball, location: 2F
0-1: Ball
1-1: DOUBLE (Flyball, 89D)
Batting: RHB Bartolo Morales 0-0: Ball
1-0: Foul Ball, location: 2F
1-1: Ball
2-1: Called Strike
2-2: Strikes out swinging, 2-3 out at first.
Batting: RHB Denis Higgins 0-0: Intentional Walk
Batting: RHB Edgar Balerio 0-0: Fly out, F5 (Popup, 15S)
Batting: RHB Augusto Encarnación 0-0: SINGLE (Groundball, 6) (infield hit)
Joe Aller to third
Denis Higgins to second
Batting: RHB Rafael Pueblo 0-0: Ground out 5-3 (Groundball, 56S)
Bottom of the 6th over - 0 runs, 2 hits, 0 errors, 3 left on base; Philadelphia 1776 1 - Thunder Bay 1
TOP OF THE 7TH
Philadelphia 1776 BC batting - Pitching for Thunder Bay Northern Lions BC : RHP Rafael Cardona
Batting: LHB Manoo Satyavrat 0-0: Ball
1-0: Swinging Strike
1-1: Swinging Strike
1-2: Ball
2-2: Ball
3-2: Strikes out swinging
Batting: RHB Karl Blanke 0-0: Ground out 1-3 (Groundball, 13S)
Batting: SHB Sam Quint 0-0: Ball
1-0: Fly out, F6 (Popup, 6M)
Top of the 7th over - 0 runs, 0 hits, 0 errors, 0 left on base; Philadelphia 1776 1 - Thunder Bay 1
BOTTOM OF THE 7TH
Thunder Bay Northern Lions BC batting - Pitching for Philadelphia 1776 BC : RHP Elroy Thompkins
Batting: RHB António Mendoza 0-0: Ball
1-0: Fly out, F7 (Flyball, 7S)
Batting: RHB Carlos Padilla 0-0: DOUBLE (Flyball, 8RXD)
Batting: LHB David Smith 0-0: Intentional Walk
Batting: RHB Joe Aller 0-0: Grounds into double play, 5-4-3 (Groundball, 56)
Bottom of the 7th over - 0 runs, 1 hit, 0 errors, 1 left on base; Philadelphia 1776 1 - Thunder Bay 1
TOP OF THE 8TH
Philadelphia 1776 BC batting - Pitching for Thunder Bay Northern Lions BC : RHP Rafael Cardona
Batting: RHB Mario Castillo 0-0: Ball
1-0: Swinging Strike
1-1: Foul Ball, location: 2F
1-2: Ball
2-2: Fly out, F9 (Flyball, 89S)
Batting: RHB Phil Moore 0-0: Ground out 6-3 (Groundball, 6S)
Batting: RHB Eddie Sachs 0-0: Ball
1-0: Ball
2-0: Swinging Strike
2-1: Ball
3-1: Base on Balls
Pitching: RHP Anatoly Ivanovich
Batting: RHB Kevin Malone 0-0: Ball
1-0: Ground out 1-3 (Groundball, 13S)
Top of the 8th over - 0 runs, 0 hits, 0 errors, 1 left on base; Philadelphia 1776 1 - Thunder Bay 1
BOTTOM OF THE 8TH
Thunder Bay Northern Lions BC batting - Pitching for Philadelphia 1776 BC : RHP Elroy Thompkins
Batting: RHB Bartolo Morales 0-0: Ground out 5-3 (Groundball, 56)
Batting: RHB Denis Higgins 0-0: Ground out 5-3 (Groundball, 5L)
Batting: RHB Edgar Balerio 0-0: Fly out, F8 (Flyball, 8LS)
Bottom of the 8th over - 0 runs, 0 hits, 0 errors, 0 left on base; Philadelphia 1776 1 - Thunder Bay 1
TOP OF THE 9TH
Philadelphia 1776 BC batting - Pitching for Thunder Bay Northern Lions BC : RHP Anatoly Ivanovich
Batting: LHB Kelvin Abbott 0-0: Ball
1-0: Called Strike
1-1: Ball
2-1: SINGLE (Groundball, 4S) (infield hit)
Batting: LHB José Rodríguez 0-0: Sac Bunt - play at first, batter OUT! 2-4
Kelvin Abbott to second
Batting: LHB Manoo Satyavrat 0-0: Intentional Walk
Batting: RHB Karl Blanke 0-0: Called Strike
0-1: Ball
1-1: Called Strike
1-2: Ball
2-2: Strikes out swinging
Batting: SHB Sam Quint 0-0: Ball
1-0: Ball
2-0: Ball
3-0: Called Strike
3-1: Called Strike
3-2: Fly out, F8 (Flyball, 8LM)
Top of the 9th over - 0 runs, 1 hit, 0 errors, 2 left on base; Philadelphia 1776 1 - Thunder Bay 1
BOTTOM OF THE 9TH
Thunder Bay Northern Lions BC batting - Pitching for Philadelphia 1776 BC : RHP Elroy Thompkins
Batting: RHB Augusto Encarnación 0-0: Called Strike
0-1: Called Strike
0-2: Ground out 5-3 (Groundball, 56S)
Batting: RHB Rafael Pueblo 0-0: Ball
1-0: SINGLE (Groundball, 56D)
Batting: RHB António Mendoza 0-0: Ball
1-0: Swinging Strike
1-1: Ball
2-1: Ball
3-1: Called Strike
3-2: Strikes out swinging
Batting: RHB Carlos Padilla 0-0: Ball
1-0: 2-RUN HOME RUN (Line Drive, 9LD), Distance : 343 ft
Wednesday, September 19th, 2018 - OOTP Baseball 18.8 Build 76